 Dungeon Crawl Stone Soup version 0.22-a0-430-g6609fc6 (webtiles) character file.

105 shitimlost the Skirmisher (level 4, -11/41 HPs)
             Began as a Hill Orc Monk on May 26, 2018.
             Mangled by an ogre
             ... wielding a cursed +0 giant club
              (27 damage)
             ... on level 4 of the Dungeon.
             The game lasted 00:04:40 (3058 turns).

shitimlost the Skirmisher (Hill Orc Monk)           Turns: 3058, Time: 00:04:40

Health: -11/41     AC:  7    Str: 14    XL:     4   Next: 83%
Magic:  4/4        EV: 10    Int: 10    God:
Gold:   150        SH:  0    Dex: 13    Spells: 3/3 levels left

rFire    . . .     SeeInvis .   g - +0 hand axe
rCold    . . .     Gourm    .   (no shield)
rNeg     . . .     Faith    .   m - +0 scale mail
rPois    .         Spirit   .   (no helmet)
rElec    .         Reflect  .   (no cloak)
rCorr    .         Harm     .   (no gloves)
MR       .....                  o - +0 pair of boots (curse)
Stlth    ..........             (no amulet)
HPRegen  0.13/turn              (no ring)
MPRegen  0.09/turn              (no ring)

@: no status effects
A: no striking features
a: no special abilities


You were on level 4 of the Dungeon.
You were not hungry.

You visited 1 branch of the dungeon, and saw 4 of its levels.

You collected 150 gold pieces.

Inventory:

Hand Weapons
 a - a +0 spear
 g - a +0 hand axe (weapon)
Missiles
 d - 27 poisoned needles
 h - 40 stones (quivered)
Armour
 b - a +0 robe
 m - a +0 scale mail (worn)
 o - a cursed +0 pair of boots (worn)
Jewellery
 j - a +4 ring of strength {unknown}
 k - an uncursed amulet of regeneration {unknown}
 r - a cursed amulet of inaccuracy {unknown}
 s - a +3 ring of dexterity {unknown}
 v - a cursed ring of stealth {unknown}
Wands
 w - a wand of paralysis (11)
Scrolls
 f - a scroll of random uselessness {unknown}
 l - 6 scrolls of remove curse {unknown}
 n - a scroll of amnesia {unknown}
 p - 5 scrolls of identify {unknown}
 q - a scroll of enchant armour {unknown}
Potions
 e - a potion of brilliance
 i - a potion of curing {unknown}
Comestibles
 c - 2 rations


   Skills:
 + Level 4.7 Fighting
 + Level 2.4(3.7) Axes
 - Level 3.6(3.9) Polearms
 + Level 2.2 Armour
 - Level 2.5 Dodging
 - Level 1.7 Stealth


You had 3 spell levels left.
You didn't know any spells.
Your spell library was empty.

Dungeon Overview and Level Annotations

Branches:
Dungeon (4/15)
 Temple: D:4-7

Altars:
Ashenzari
Elyvilon
Fedhas
Nemelex Xobeh
Okawaru
Ru
Yredelemnul

Annotations:
D:3 iishen's ghost, amateur HaAK


Message History

The helpless ogre fails to defend itself.
You hit the ogre.
The ogre is heavily wounded.
The helpless ogre fails to defend itself.
You hit the ogre.
The ogre is heavily wounded.
The helpless ogre fails to defend itself.
You slash the ogre!
The ogre is severely wounded.
The ogre is no longer paralysed.
The ogre hits you with a giant club!
You hit the ogre but do no damage.
The ogre is severely wounded.
The ogre hits you with a giant club!
Evoke which item? (* to show all) (? for menu, Esc to quit)
Aiming: Paralyse
Press: ? - help, Shift-Dir - straight line, f/p - ogre
Aim: an ogre, wielding a giant club (severely wounded, chance to defeat MR: 46%)
The ogre resists with some effort.
The ogre hits you with a giant club!!
Ouch! That really hurt!
You die...

P#.######### ....#
........> ..#.##
.....$... .##..######
##.$.....# . ##......##
#.........
###........##
#......!..
##..........#
#...??....
............#
#.O.......
##..........#
#.@.......
#..........####........
#......................
##..........##########.
#..........##
#..........#
#..........#
#..........#
#..........#


You could see an ogre.

Vanquished Creatures
  A worker ant (D:4)
  2 adders
  4 oozes
  An adder zombie (D:4)
  3 dart slugs
  An orc (D:3)
  A giant cockroach (D:1)
  2 goblins (D:2)
  2 hobgoblins
  4 jackals (D:1)
  A ball python (D:4)
  6 bats
  3 frilled lizards
  3 kobolds (D:1)
  6 rats
40 creatures vanquished.

Notes
Turn   | Place    | Note
-------+----------+-------------------------------------------
     0 | D:1      | shitimlost the Hill Orc Monk began the quest for the Orb.
     0 | D:1      | Reached XP level 1. HP: 19/19 MP: 1/1
   141 | D:1      | Reached XP level 2. HP: 14/27 MP: 2/2
   827 | D:1      | Reached skill level 4 in Fighting
   927 | D:1      | Reached XP level 3. HP: 24/33 MP: 3/3
  1136 | D:1      | Reached skill level 1 in Armour
  1535 | D:2      | Reached skill level 1 in Axes
  1564 | D:2      | Found a white marble altar of Elyvilon.
  1564 | D:2      | Found a blossoming altar of Fedhas.
  1566 | D:2      | Found a sacrificial altar of Ru.
  1566 | D:2      | Found an iron altar of Okawaru.
  1566 | D:2      | Found a sparkling altar of Nemelex Xobeh.
  1566 | D:2      | Found a basalt altar of Yredelemnul.
  1567 | D:2      | Found a shattered altar of Ashenzari.
  1931 | D:2      | Found a faded altar of an unknown god.
  2117 | D:3      | Reached XP level 4. HP: 23/41 MP: 4/4
  2498 | D:3      | Noticed iishen's ghost (amateur HaAK)
  3045 | D:4      | Noticed an ogre
  3058 | D:4      | Mangled by an ogre

Vault maps used:
D:1:      shiori_shiawase
D:2:      grunt_temple_overflow_open, chequers_ecumenical_altar_simple_redux
D:3:      first_ration, uniq_sigmund
D:4:      serial_bayou, serial_bayou_pond_e, serial_bayou_pond_b,
          serial_bayou_pond_c, serial_bayou_lagoon_b, uniq_crazy_yiuf_cottage

Skill      XL: |  1  2  3  4 |
---------------+-------------+-----
Fighting       | 4 |  4.7
Armour         | 1 2 |  2.2
Axes           | 1 2 |  2.4
Polearms       | |  3.6
Dodging        | |  2.5
Stealth        | |  1.7

Action                   |  1- 3 |  4- 6 || total
-------------------------+-------+-------++-------
Melee: Spear             |   168 |       ||   168
       Hand axe          |       |    44 ||    44
Evoke: Wand              |       |     4 ||     4
  Use: Potion            |       |     4 ||     4
 Stab: Sleeping          |     4 |       ||     4
       Paralysed         |       |    13 ||    13
  Eat: Chunk             |     4 |     1 ||     5
       Ration            |       |     1 ||     1
Armor: Robe              |    12 |       ||    12
       Scale mail        |    23 |    12 ||    35
Dodge: Dodged            |    86 |    21 ||   107

Table legend:
 A = Spawn XP
 B = Non-spawn XP
 C = Spawn XP percentage of total XP
 D = Spawn monster count
 E = Non-spawn monster count
 F = Spawn count percentage of total count
 G = Total turns spent on level
                    A         B        C        D         E        F      G
               +---------+---------+-------+---------+---------+-------+---------
         Total |       0 |     151 |   0.0 |       0 |      40 |   0.0 |  3058
               +---------+---------+-------+---------+---------+-------+---------
           D:1 |       0 |      41 |   0.0 |       0 |      19 |   0.0 |  1495
           D:2 |       0 |      36 |   0.0 |       0 |      12 |   0.0 |   580
           D:3 |       0 |      20 |   0.0 |       0 |       5 |   0.0 |   446
           D:4 |       0 |      54 |   0.0 |       0 |       4 |   0.0 |   537
               +---------+---------+-------+---------+---------+-------+---------
